 Dungeon Crawl Stone Soup version 0.16-a0-3134-g9b1347a (webtiles) character file.

145 Grim the Chiller (level 5, -2/38 HPs)
             Began as a Draconian Ice Elementalist on Dec 14, 2014.
             Was an Initiate of Vehumet.
             Slain by an ogre
             ... wielding a +0 giant club
              (24 damage)
             ... on level 3 of the Dungeon.
             The game lasted 00:21:27 (3808 turns).

Grim the Chiller (Draconian Ice Elementalist)       Turns: 3808, Time: 00:21:27

Health: -2/38      AC:  5    Str: 10    XL:     5   Next: 6%
Magic:  5/9        EV: 12    Int: 16    God:    Vehumet [......]
Gold:   108        SH:  0    Dex: 12    Spells: 2 memorised, 5 levels left

rFire  . . .     SeeInvis .     n - +0 quarterstaff (curse)
rCold  . . .     Clarity  .     (armour unavailable)
rNeg   . . .     SustAb   .     (no shield)
rPois  +         Gourm    .     (helmet restricted)
rElec  .         Spirit   .     (no cloak)
rCorr  .         Warding  .     (no gloves)
rMut   .         Stasis   .     (no boots)
MR     +....                    (no amulet)
Stlth  ++........               q - ring of protection from magic
                                h - ring of poison resistance

@: somewhat resistant to hostile enchantments, unstealthy
A: unfitting armour, cold-blooded, AC +5
a: Renounce Religion


You were on level 3 of the Dungeon.
You worshipped Vehumet.
Vehumet was noncommittal.
You were hungry.

You visited 1 branch of the dungeon, and saw 4 of its levels.

You collected 108 gold pieces.

Inventory:

Hand weapons
 n - a cursed +0 quarterstaff (weapon)
 p - a +1 spear
Jewellery
 h - a ring of poison resistance (left hand)
 q - a ring of protection from magic (right hand)
Magical devices
 i - a wand of disintegration (9)
 l - a wand of digging (11)
Scrolls
 f - 3 scrolls of identify
 j - a scroll of random uselessness
Potions
 a - 2 potions of agility
 d - a potion of flight {unknown}
 e - 2 potions of curing
 g - a potion of mutation {unknown}
 m - 4 potions of ambrosia
 o - a potion of haste {unknown}
 s - a potion of heal wounds {unknown}
Books
 b - a book of Frost

   Spells                             Type                      Level
   a - Freeze                         Ice                          1
   b - Throw Frost                    Conjuration/Ice              2
   c - Ozocubu's Armour               Charms/Ice                   3
   d - Throw Icicle                   Conjuration/Ice              4
   e - Summon Ice Beast               Ice/Summoning                4
   f - Condensation Shield            Ice                          4
Comestibles
 c - 4 bread rations
 k - a meat ration


   Skills:
 - Level 1.0 Polearms
 - Level 1.7 Dodging
 - Level 1.7 Stealth
 - Level 2.0 Spellcasting
 * Level 2.3 Conjurations
 + Level 5.1 Ice Magic


You had 5 spell levels left.
You knew the following spells:

 Your Spells              Type           Power        Failure   Level  Hunger
a - Freeze                Ice            ###.         2%          1    #......
b - Throw Frost           Conj/Ice       ##....       10%         2    ###....


Dungeon Overview and Level Annotations

Branches:
Dungeon (4/15)
 Temple: D:4-7

Altars:
Ashenzari
Cheibriados
Dithmenos
Gozag
Kikubaaqudgha
Okawaru
Ru
Trog
Vehumet
Zin

Annotations:
D:4 Yermak's ghost, average FeFi


Innate Abilities, Weirdness & Mutations

Your plain brown scales are hard (AC +5).
Your body does not fit into most forms of armour.
Your cold-blooded metabolism reacts poorly to cold.


Message History

You are feeling hungry.
You can't go down here!
The ogre hits you with a giant club!
You climb upwards.
There is a stone staircase leading down here.
You closely miss the ogre.
The ogre is heavily wounded.
The ogre hits you with a giant club. The ogre hits you with a giant club!
* * * LOW HITPOINT WARNING * * *
Casting: Throw Frost
Confirm with . or Enter, or press ? or * to list all spells.
Aiming: Throw Frost
Press: ? - help, Shift-Dir - straight line, f - ogre
Aim: an ogre, wielding a giant club (heavily wounded)
The puff of frost hits the ogre.
The ogre is severely wounded.
The ogre hits you with a giant club!!
Ouch! That really hurt!
You die...

#########
######.@O....#
#≈≈≈≈≈.§≈≈§≈.#
#≈####'####§.#
#≈≈≈.≈≈≈##.#
#⌠≈....(≈⌠#.#
##≈.._..≈##.#
#§§§§§..≈⌠#.#
##§§§§≈≈§##.##
###§#⌠####..#
#####


You could see an ogre.

Vanquished Creatures
  An iguana (D:3)
  Ijyb (D:2)
  3 adders
  2 giant geckos
  2 oozes
  2 orcs (D:4)
  2 bat skeletons (D:4)
  3 giant cockroaches
  7 goblins
  4 hobgoblins
  7 jackals (D:2)
  9 kobolds
  3 ball pythons
  7 bats
  5 giant newts
  15 rats
73 creatures vanquished.

Notes
Turn   | Place    | Note
--------------------------------------------------------------
     0 | D:1      | Grim, the Draconian Ice Elementalist, began the quest for the Orb.
     0 | D:1      | Reached XP level 1. HP: 14/14 MP: 3/3
   457 | D:1      | Reached XP level 2. HP: 20/20 MP: 0/4
  1038 | D:2      | Reached skill level 4 in Ice Magic
  1113 | D:2      | Found a shadowy altar of Dithmenos.
  1184 | D:2      | Found an iron altar of Okawaru.
  1192 | D:2      | Reached XP level 3. HP: 26/26 MP: 4/6
  1267 | D:2      | Noticed Ijyb
  1290 | D:2      | Killed Ijyb
  1631 | D:2      | Reached XP level 4. HP: 21/33 MP: 0/7
  1857 | D:2      | Reached skill level 5 in Ice Magic
  2029 | D:3      | Learned a level 2 spell: Throw Frost
  2191 | D:3      | Found an ancient bone altar of Kikubaaqudgha.
  2217 | D:3      | Found a shattered altar of Ashenzari.
  2221 | D:3      | Found an opulent altar of Gozag.
  2221 | D:3      | Found a radiant altar of Vehumet.
  2223 | D:3      | Found a sacrificial altar of Ru.
  2351 | D:3      | Became a worshipper of Vehumet
  2544 | D:3      | Reached skill level 1 in Polearms
  2583 | D:3      | Found a bloodstained altar of Trog.
  2700 | D:3      | Found a glowing silver altar of Zin.
  2700 | D:3      | Found a snail-covered altar of Cheibriados.
  3042 | D:4      | Noticed an ogre
  3239 | D:4      | Noticed Yermak's ghost (average FeFi)
  3685 | D:4      | Reached XP level 5. HP: 38/38 MP: 1/9
  3808 | D:3      | Slain by an ogre

Action                   |  1- 3 |  4- 6 || total
-------------------------+-------+-------++-------
Melee: Unarmed           |     2 |       ||     2
       Dagger            |     2 |       ||     2
       Spear             |    39 |     6 ||    45
       Quarterstaff      |       |    23 ||    23
 Cast: Freeze            |    54 |    20 ||    74
       Throw Frost       |       |    33 ||    33
  Use: Scroll            |       |     8 ||     8
  Eat: Chunk             |     3 |     4 ||     7
       Meat ration       |       |     1 ||     1
